 Dungeon Crawl Stone Soup version 0.20-a0-1089-g3fde505 (webtiles) character file.

681 Mesmaeker13 the Conjurer (level 7, -1/41 HPs)
             Began as a Deep Elf Conjurer on May 3, 2017.
             Was an Initiate of Sif Muna.
             Slain by Pikel
             ... wielding a +1 whip of flaming
              (3 damage)
             ... on level 4 of the Dungeon.
             The game lasted 00:11:47 (6233 turns).

Mesmaeker13 the Conjurer (Deep Elf Conjurer)        Turns: 6233, Time: 00:11:47

Health: -1/41      AC:  3    Str:  5    XL:     7   Next: 34%
Magic:  1/13       EV: 15    Int: 22    God:    Sif Muna [......]
Gold:   206        SH:  0    Dex: 15    Spells: 2/12 levels left

rFire    . . .     SeeInvis .   q - +2 dagger (venom)
rCold    . . .     Gourm    .   (no shield)
rNeg     . . .     Faith    .   a - +0 robe
rPois    .         Spirit   .   (no helmet)
rElec    .         Reflect  .   g - +0 cloak
rCorr    .         Harm     .   (no gloves)
MR       .....                  (no boots)
Stlth    ++........             (no amulet)
Regen    0.2/turn               (no ring)
MPRegen  0.2/turn               (no ring)

@: no status effects
A: no striking features
a: Renounce Religion


You were on level 4 of the Dungeon.
You worshipped Sif Muna.
Sif Muna was noncommittal.
You were not hungry.

You visited 1 branch of the dungeon, and saw 5 of its levels.

You collected 206 gold pieces.

Inventory:

Hand Weapons
 j - a -1 dagger
 q - a +2 dagger of venom (weapon)
Missiles
 d - 12 poisoned needles
Armour
 a - a +0 robe (worn)
 g - a +0 cloak (worn)
Wands
 t - a wand of paralysis (0/24)
Scrolls
 h - 2 scrolls of immolation
 i - 4 scrolls of teleportation
 l - 2 scrolls of remove curse
 r - a scroll of amnesia {unknown}
 u - a scroll of magic mapping {unknown}
 y - a scroll of enchant armour {unknown}
 A - a scroll of fear {unknown}
Potions
 e - 2 potions of might
 f - a potion of heal wounds {unknown}
 n - 2 potions of curing {unknown}
 p - 2 potions of brilliance
 s - a potion of cancellation {unknown}
 w - a potion of lignification {unknown}
 z - a potion of ambrosia {unknown}
Books
 b - a book of Conjurations

   Spells                             Type                      Level
   a - Magic Dart                     Conjuration                  1
   b - Searing Ray                    Conjuration                  2
   c - Dazzling Spray                 Conjuration/Hexes            3
   d - Fulminant Prism                Conjuration/Hexes            4
   e - Force Lance                    Conjuration/Translocation    4
   f - Iskenderun's Mystic Blast      Conjuration                  4
Comestibles
 c - 2 bread rations
 k - 3 royal jellies
 m - 12 fruits
 o - 3 chunks of flesh
 x - a meat ration


   Skills:
 + Level 3.2 Fighting
 + Level 5.7 Dodging
 - Level 2.4 Stealth
 - Level 3.0 Spellcasting
 + Level 6.2 Conjurations
 - Level 4.0 Hexes
 + Level 0.9 Translocations


You had 2 spell levels left.
You knew the following spells:

 Your Spells              Type           Power        Failure   Level  Hunger
a - Magic Dart            Conj           ####         1%          1    None
b - Searing Ray           Conj           ####..       1%          2    ##.....
c - Dazzling Spray        Conj/Hex       ####..       4%          3    ###....
d - Force Lance           Conj/Tloc      ###.....     28%         4    ####...


Dungeon Overview and Level Annotations

Branches:
Dungeon (5/15)
 Temple: D:4-7

Altars:
Dithmenos
Fedhas
Gozag
Ru
Sif Muna
Uskayaw
The Shining One

Annotations:
D:4 Phong's ghost, amateur OpTm; Pikel
D:5 1 runed door, Menkaure


Message History

Pikel closely misses you.
Casting: Searing Ray
Confirm with . or Enter, or press ? or * to list all spells.
Aiming: Searing Ray
Press: ? - help, Shift-Dir - straight line, f/p - Pikel
Aim: Pikel, wielding a whip of flaming and wearing a runed robe (severely wounded)
The searing ray misses Pikel. (Press . to maintain the ray.) Pikel hits you with a whip of flaming.
Pikel burns you.
Without enough magic to sustain it, your searing ray dissipates.
Pikel hits you with a whip of flaming. Pikel burns you.
Pikel barely misses you. Pikel hits you with a whip of flaming.
Pikel burns you.
* * * LOW HITPOINT WARNING * * *
You closely miss Pikel.
Pikel is severely wounded.
Pikel hits you with a whip of flaming!
* * * LOW HITPOINT WARNING * * *
Pikel burns you.
You die...

#.......# ##
#.......# .#
#.......# .#
#.......# .#
#.......# .#
#.......###### ##
#............#
#####.......####.#
.........#....<#@#
..............>#K#
####...........#.#
# #.............#
# #..........####
####..........#
#.............##
#..............#
#..............#


You could see Pikel.

Vanquished Creatures
  Sigmund (D:3)
  2 slaves (D:4)
  2 ogres
  A crimson imp (D:5)
  An orc priest (D:4)
  An orc wizard (D:3)
  An iguana (D:5)
  Ijyb (D:5)
  2 worker ants (D:4)
  7 adders
  2 oozes
  An adder skeleton (D:5)
  A worm (D:2)
  2 dart slugs (D:3)
  A leopard gecko (D:2)
  7 orcs
  3 ball pythons
  6 bats
  5 giant cockroaches
  8 hobgoblins
  8 jackals (D:2)
  9 kobolds
  2 quokkas
  4 frilled lizards
  4 goblins
  6 rats
88 creatures vanquished.

Notes
Turn   | Place    | Note
-------+----------+-------------------------------------------
     0 | D:1      | Mesmaeker13 the Deep Elf Conjurer began the quest for the Orb.
     0 | D:1      | Reached XP level 1. HP: 10/10 MP: 6/6
   514 | D:1      | Reached XP level 2. HP: 15/15 MP: 5/8
  1005 | D:2      | Noticed a dagger
  1007 | D:2      | Noticed a dagger
  1016 | D:2      | Found a hide-covered altar of Uskayaw.
  1050 | D:2      | Reached skill level 1 in Fighting
  1172 | D:2      | Found a faded altar of an unknown god.
  1269 | D:2      | Learned a level 2 spell: Searing Ray
  1456 | D:2      | Reached XP level 3. HP: 18/20 MP: 0/9
  1461 | D:2      | Learned a level 3 spell: Dazzling Spray
  2186 | D:2      | Reached skill level 5 in Conjurations
  2877 | D:2      | Found an opulent altar of Gozag.
  2965 | D:2      | Found a sacrificial altar of Ru.
  2967 | D:2      | Found a shadowy altar of Dithmenos.
  2971 | D:2      | Reached XP level 4. HP: 25/25 MP: 4/10
  3050 | D:2      | Reached skill level 1 in Hexes
  3490 | D:3      | Found a blossoming altar of Fedhas.
  3575 | D:3      | Noticed Sigmund
  3694 | D:4      | Noticed an ogre
  3710 | D:4      | Killed an ogre
  3710 | D:4      | Reached XP level 5. HP: 30/30 MP: 4/11
  4000 | D:4      | Noticed Phong's ghost (amateur OpTm)
  4043 | D:4      | Found a deep blue altar of Sif Muna.
  4046 | D:4      | Became a worshipper of Sif Muna the Loreminder
  4172 | D:5      | Entered Level 5 of the Dungeon
  4187 | D:5      | Reached XP level 6. HP: 36/36 MP: 2/12
  4286 | D:5      | Found a runed door.
  4498 | D:5      | Noticed Ijyb
  4511 | D:5      | Paralysed by Ijyb for 6 turns
  4525 | D:5      | Paralysed by Ijyb for 4 turns
  4535 | D:5      | Killed Ijyb
  4602 | D:5      | Noticed a slave
  4603 | D:5      | Noticed a slave
  4603 | D:5      | Noticed Pikel
  4604 | D:5      | Noticed a slave
  4604 | D:5      | Noticed a slave
  4722 | D:3      | Found a glowing golden altar of the Shining One.
  4802 | D:3      | Killed Sigmund
  4802 | D:3      | Reached skill level 5 in Dodging
  4802 | D:3      | Reached skill level 6 in Conjurations
  4810 | D:3      | Learned a level 4 spell: Force Lance
  4886 | D:3      | Reached XP level 7. HP: 40/40 MP: 8/13
  5616 | D:5      | Noticed Menkaure
  6233 | D:4      | HP: 2/41 [Pikel/whip of flaming (10)]
  6233 | D:4      | Slain by Pikel

Vault maps used:
D:1:      mushboom_english_gardens
D:2:      lemuel_coloured_pillars_altar, dancing_weapons_uskayaw,
          chequers_temple_overflow_statue_of_worship, first_bread,
          chequers_ecumenical_altar_lobes, minmay_misc_feat_columns,
          kennysheep_generic_room_5
D:3:      nicolae_tso_carved_into_rock, fedhas_altar_fruit_tree, uniq_sigmund
D:4:      cheibrodos_old_hovel, lemuel_blue_sif_altar, minmay_strange_pillars
D:5:      basic_altar, grunt_ministairs_11, minmay_item_behind_shaft,
          corexii_checkpoint_a, trog_butcher_becter, uniq_crazy_yiuf_cottage,
          uniq_ijyb, uniq_menkaure, uniq_pikel

Skill      XL: |  1  2  3  4  5  6  7 |
---------------+----------------------+-----
Fighting       | 1 2 3 |  3.2
Dodging        | 3 4 5 |  5.7
Conjurations   | 5 6 |  6.2
Hexes          | 2 3 4 |  4.0
Stealth        | |  2.4
Spellcasting   | |  3.0
Translocations | |  0.9

Action                   |  1- 3 |  4- 6 |  7- 9 || total
-------------------------+-------+-------+-------++-------
Melee: Dagger            |     2 |    21 |    16 ||    39
 Cast: Magic Dart        |    73 |    65 |    30 ||   168
       Searing Ray       |     3 |    11 |    10 ||    24
       Dazzling Spray    |       |     1 |     2 ||     3
Evoke: Wand              |       |     2 |       ||     2
  Use: Scroll            |     4 |     2 |     1 ||     7
 Stab: Paralysed         |       |     3 |       ||     3
  Eat: Chunk             |     5 |     7 |     2 ||    14
       Bread ration      |       |       |     1 ||     1
Armor: Robe              |     1 |     6 |     2 ||     9
Dodge: Dodged            |    23 |    16 |    33 ||    72
